 Dungeon Crawl Stone Soup version 0.27.0-1-g7a089689b8 (webtiles) character file.

Game seed: 4228989458451062897

65787 Gunterle the Fighter (level 15, -6/118 HPs)
             Began as a Djinni Monk on Aug 6, 2021.
             Was the Champion of the Shining One.
             Killed by refrigeration
             ... invoked by Fannar
              (28 damage)
             ... on level 1 of the Orcish Mines.
             The game lasted 01:34:17 (22891 turns).

Gunterle the Fighter (Djinni Monk)                 Turns: 22891, Time: 01:34:17

Health: -6/118     AC:  9    Str: 12    XL:     15   Next: 59%
Gold:   974        EV: 16    Int: 15    God:    the Shining One [******] SH: 18 Dex: 17

rFire    + + .     SeeInvis .   n - +7 Singing Sword {vorpal, sonic wave}
rCold    . . .     Faith    .   T - +0 buckler
rNeg     + + +     Spirit   .   l - +1 troll leather armour {Snorg}
rPois    ∞         Reflect  +   (helmet currently unavailable)
rElec    .         Harm     .   E - +0 cloak
rCorr    .         Rampage  .   y - +1 pair of gloves {archery}
Will     +....                  (boots unavailable)
Stlth    +.........             v - amulet of reflection
HPRegen  1.29/turn              d - +4 ring of slaying
MPRegen  0.00/turn              Q - ring of protection from cold

@: divinely shielded, appendages, flying, glowing, studying 2 skills
A: horns 2, flying, sickness immunity, fire resistance 2, cold vulnerability 1,
float, innate caster, hp casting, extra vitality 1
a: End Transformation, Renounce Religion, Divine Shield, Cleansing Flame, Summon
Divine Warrior, Brand Weapon With Holy Wrath


You were on level 1 of the Orcish Mines.
You worshipped the Shining One.
The Shining One was exalted by your worship.
You had temporarily grown beastly horns.
You visited 4 branches of the dungeon, and saw 20 of its levels.
You also visited: Gauntlet.

You collected 2304 gold pieces.
You spent 1330 gold pieces at shops.

Inventory:

Hand Weapons
 a - a +5 scimitar
 n - the +7 Singing Sword (weapon) {vorpal, sonic wave}
   (You bought it in a shop on level 2 of the Dungeon)

   It inflicts extra damage upon your enemies.
   It radiates damaging sonic waves as it strikes, especially in combat
   involving dangerous or numerous foes.
 G - a +3 falchion of flaming
Missiles
 A - 20 poisoned darts
 H - 6 atropa-tipped darts
 K - 14 boomerangs (quivered)
 L - 6 datura-tipped darts
 M - 27 javelins
 U - 4 curare-tipped darts
 Y - 2 throwing nets
Armour
 j - a +0 robe of willpower
 l - a +1 troll leather armour (worn) {Snorg}
 m - +0 acid dragon scales
 y - a +1 pair of gloves of archery (worn)
 E - a +0 cloak (worn)
 T - a +0 buckler (worn)
Jewellery
 d - a +4 ring of slaying (left hand)
 t - a +4 ring of protection
 v - an amulet of reflection (around neck)
 Q - a ring of protection from cold (right hand)
 Z - a ring of willpower
Wands
 b - a wand of charming (19)
 i - a wand of digging (4)
 u - a wand of paralysis (15)
 I - a wand of mindburst (17)
 R - a wand of flame (65)
 W - a wand of polymorph (12)
 X - a wand of acid (5)
Scrolls
 k - 3 scrolls of magic mapping
 p - 2 scrolls of blinking
 r - 2 scrolls of identify
 s - 2 scrolls of fear
 B - 2 scrolls of vulnerability
 C - 9 scrolls of teleportation
 F - 2 scrolls of immolation
 P - 4 scrolls of fog
Potions
 o - 2 potions of heal wounds
 q - 2 potions of lignification
 w - 4 potions of brilliance
 x - 6 potions of curing
 J - a potion of ambrosia
 N - a potion of cancellation
 V - a potion of resistance
Miscellaneous
 g - a piece from Xom's chessboard (15/15)
 h - a box of beasts


   Skills:
 * Level 14.5 Fighting
 * Level 13.5 Long Blades
 - Level 5.0 Armour
 + Level 8.4 Dodging
 - Level 1.5 Stealth
 - Level 4.0 Shields
 * Level 9.8 Spellcasting
 + Level 5.3 Invocations
 + Level 5.5 Evocations


You had 9 spell levels left.
You knew the following spells:

 Your Spells              Type           Power      Damage    Failure   Level
a - Beastly Appendage     Tmut           72%        N/A       1%          1
b - Corpse Rot            Necr/Air       N/A        N/A       1%          2
c - Static Discharge      Conj/Air       36%        N/A       1%          2
d - Spider Form           Tmut/Pois      18%        N/A       1%          3
e - Yara's Violent Unrav  Hex/Tmut       18%        3d9       6%          5
f - Fireball              Conj/Fire      18%        3d9       6%          5
g - Simulacrum            Ice/Necr       18%        N/A       34%         6
Your spell library was empty.

Dungeon Overview and Level Annotations

Branches:
Dungeon (12/15)            Temple (1/1) D:4            Lair (6/6) D:9
 Shoals (0/4) Lair:3       Spider (0/4) Lair:4        Slime (0/5) Lair:6
    Orc (1/2) D:12        Gauntlet (visited)

Altars:
Ashenzari
Cheibriados
Dithmenos
Elyvilon
Fedhas
Gozag
Hepliaklqana
Kikubaaqudgha
Makhleb
Nemelex Xobeh
Okawaru
Qazlal
Ru
Sif Muna
Trog
Uskayaw
Vehumet
Wu Jian
Xom
Yredelemnul
Zin
The Shining One
Jiyva
Lugonu

Shops:
D:2 :(   D:6 *

Portals:
Abyss: Lair:6

Annotations:
Lair:6 1 runed translucent door
Orc:1 Fannar


Innate Abilities, Weirdness & Mutations

You have temporarily grown beastly horns.
You are flying.
You are immune to sickness and miasma.
You are immune to poison.
Your flesh is very heat resistant. (rF++)
You are vulnerable to cold. (rC-)
You float through the air rather than walking.
You learn spells naturally, not from books.
Your magical power is your life essence.
You have superior vitality. (+4 HP)


Message History

Aim: Fannar, wielding a staff of cold and wearing a +2 robe of cold resistance (moderately wounded, haloed)
The fireball explodes!
The fireball engulfs Fannar!!
Fannar is heavily wounded.
The fireball engulfs the ice beast!!
The ice beast melts!
You kill the ice beast!
You slash Fannar!
Fannar is severely wounded.
Fannar casts a spell.
Fannar blinks!
Casting: Fireball (dangerous; 6% risk of failure)
Confirm with . or Enter, or press ? or * to list all spells.
Aiming: Fireball (dangerous; 6% risk of failure)
Press: ? - help, Shift-Dir - straight line, f/p - Fannar
Aim: Fannar, wielding a staff of cold and wearing a +2 robe of cold resistance (severely wounded, haloed)
The fireball explodes!
The fireball engulfs Fannar.
Fannar is severely wounded.
Fannar gestures wildly while chanting.
Fannar drains the heat from the surrounding environment!
* * * LOW HITPOINT WARNING * * *
Casting: Fireball (dangerous; 6% risk of failure)
Confirm with . or Enter, or press ? or * to list all spells.
Aiming: Fireball (dangerous; 6% risk of failure)
Press: ? - help, Shift-Dir - straight line, f/p - Fannar
Aim: Fannar, wielding a staff of cold and wearing a +2 robe of cold resistance (severely wounded, haloed)
The fireball explodes!
The fireball engulfs Fannar!
Fannar is almost dead.
* * * LOW HITPOINT WARNING * * *
Fannar casts a spell.
Casting: Fireball (dangerous; 6% risk of failure)
Confirm with . or Enter, or press ? or * to list all spells.
Aiming: Fireball (dangerous; 6% risk of failure)
Press: ? - help, Shift-Dir - straight line, f/p - Fannar
Aim: Fannar, wielding a staff of cold and wearing a +2 robe of cold resistance (almost dead, haloed)
The fireball explodes!
The fireball engulfs Fannar!
Fannar is almost dead.
* * * LOW HITPOINT WARNING * * *
Some snowflakes condense on Fannar.
Fannar mumbles some strange words.
Fannar drains the heat from the surrounding environment!
You die...

### ##.## ##...##
##.....# ##.#...@##
# ##....#...##.##
##....##.......#
#.....#.#...e.## #
#####........#.## #
##.##........#### #
##..###.......# ##
#....#####..###
.###e....###.....###


You could see Fannar.

Vanquished Creatures
  Gastronok (D:11)
  2 boulder beetles
  4 hydras
  A catoblepas (Lair:3)
  2 two-headed ogres
  5 death yaks (Lair:6)
  2 death scarabs (Gauntlet)
  2 thrashing horrors (Lair:6)
  Urug (Lair:2)
  Sonja (Lair:5)
  Nergalle (Lair:2)
  A spectral hydra (Gauntlet)
  5 ugly things
  2 cyclopes
  A shining eye (shapeshifter) (Lair:6)
  An oklob plant (Lair:6)
  A merfolk siren (Lair:3)
  6 elephants (Lair:2)
  2 centaur zombies
  6 black mambas
  21 cane toads
  2 gargoyles (D:12)
  A smoke demon (Lair:6)
  An efreet (Gauntlet)
  5 rime drakes
  An unseen horror (D:12)
  9 komodo dragons
  3 ancient zymes (Lair:6)
  3 trolls
  2 polar bears
  2 large abominations (Lair:6)
  A meliai (shapeshifter) (Lair:6)
  27 blink frogs
  A spectral dream sheep (Gauntlet)
  A blink frog (shapeshifter) (Lair:6)
  8 slime creatures (D:12)
  2 ynoxinuls (Lair:6)
  45 yaks
  4 redbacks (Lair:4)
  A spriggan (Lair:6)
  A shadow (D:11)
  5 wyverns
  A wraith (D:7)
  Eustachio (D:6)
  8 basilisks
  2 fire elementals (Gauntlet)
  A steam dragon (D:10)
  2 vampire mosquitoes (D:12)
  A two-headed ogre zombie (D:12)
  Edmund (D:5)
  An acid dragon (D:10)
  13 water moccasins
  A hell hound (Gauntlet)
  4 orc warriors
  3 necrophages
  An ice beast (D:7)
  13 wolves
  A sky beast (D:4)
  5 ogres
  8 centaurs
  5 phantoms
  Blork the orc (D:6)
  A kobold brigand (D:7)
  15 bullfrogs
  4 scorpions
  13 small abominations (Lair:6)
  2 water moccasin skeletons (D:5)
  17 wights
  4 howler monkeys
  5 electric eels
  A crimson imp (D:7)
  A lava snake (Lair:6)
  7 hounds
  A bullfrog zombie (D:6)
  A jelly (D:4)
  2 bullfrog skeletons
  3 orc priests
  A centaur skeleton (D:6)
  15 iguanas
  7 orc wizards
  A scorpion zombie (D:5)
  7 ogre zombies (D:12)
  2 hound skeletons (D:4)
  2 howler monkey zombies
  A gnoll (D:1)
  A howler monkey skeleton (D:7)
  4 adders
  An adder zombie (D:4)
  4 worms
  4 dart slugs
  32 orcs
  10 ball pythons
  9 endoplasms
  A giant cockroach (D:2)
  6 goblins
  10 hobgoblins
  4 jackals (D:4)
  16 kobolds
  6 quokkas
  7 bats
  17 frilled lizards
  2 goblin zombies (D:12)
  3 hobgoblin skeletons (D:12)
  5 hobgoblin zombies (D:12)
  An orc skeleton (D:12)
  14 orc zombies (D:12)
  4 rats
540 creatures vanquished.

Vanquished Creatures (collateral kills)
  A minotaur (Gauntlet)
  Snorg (D:11)
  A minotaur zombie (Gauntlet)
  A centaur (D:9)
  An orc (D:11)
5 creatures vanquished.

Vanquished Creatures (others)
  A ball python (D:2)
  18 demonic plants (Gauntlet)
  59 fungi
  216 plants
294 creatures vanquished.

Grand Total: 839 creatures vanquished

Notes
Turn   | Place    | Note
-------+----------+-------------------------------------------
     0 | D:1      | Gunterle the Djinni Monk began the quest for the Orb.
     0 | D:1      | Reached XP level 1. HP: 20/20 MP: 0/0
   130 | D:1      | Reached XP level 2. HP: 21/25 MP: 0/0
   502 | D:2      | Found Aten's Distillery.
   596 | D:2      | Found Enuet's Weapon Emporium.
   753 | D:2      | Found Sesaim's Book Shoppe.
   808 | D:2      | Reached XP level 3. HP: 14/31 MP: 0/0
   808 | D:2      | Learned a level 1 spell: Beastly Appendage
  1075 | D:2      | Reached XP level 4. HP: 36/37 MP: 0/0
  1949 | D:2      | Bought a potion of heal wounds for 50 gold pieces
  2058 | D:1      | Reached skill level 4 in Fighting
  2534 | D:1      | Reached XP level 5. HP: 37/41 MP: 0/0
  2534 | D:1      | Learned a level 2 spell: Corpse Rot
  2710 | D:1      | Found a faded altar of an unknown god.
  3324 | D:3      | You are sucked into a shaft and drop 1 floor!
  3492 | D:4      | Identified a scroll of acquirement
  3494 | D:4      | Acquired 1150 gold pieces
  3551 | D:4      | Noticed a sky beast
  3625 | D:4      | Reached skill level 1 in Armour
  3789 | D:2      | Bought the +7 Singing Sword {vorpal, sonic wave} for 1000
                  | gold pieces
  3789 | D:2      | Found the +7 Singing Sword {vorpal, sonic wave}
  3821 | D:2      | Bought a potion of might for 40 gold pieces
  3821 | D:2      | Bought a potion of lignification for 30 gold pieces
  3821 | D:2      | Bought a potion of brilliance for 40 gold pieces
  3821 | D:2      | Bought a potion of curing for 30 gold pieces
  3821 | D:2      | Bought a potion of flight for 30 gold pieces
  4639 | D:4      | Reached XP level 6. HP: 47/48 MP: 0/0
  4684 | D:4      | Noticed an ogre
  4694 | D:4      | Killed an ogre
  4774 | D:4      | Found a staircase to the Ecumenical Temple.
  4788 | Temple   | Entered the Ecumenical Temple
  4813 | Temple   | Became a worshipper of the Shining One
  4813 | Temple   | Reached * piety under the Shining One
  4813 | Temple   | Reached ** piety under the Shining One
  5055 | D:4      | You are sucked into a shaft and drop 3 floors!
  5065 | D:7      | Reached skill level 5 in Fighting
  5065 | D:7      | Reached XP level 7. HP: 53/54 MP: 0/0
  5065 | D:7      | Learned a level 2 spell: Static Discharge
  5124 | D:5      | Entered Level 5 of the Dungeon
  5124 | D:5      | Noticed a wyvern
  5141 | D:6      | Reached skill level 5 in Long Blades
  5514 | D:6      | Noticed Blork the orc
  5525 | D:6      | Killed Blork the orc
  5526 | D:6      | Reached skill level 6 in Fighting
  5526 | D:6      | Reached XP level 8. HP: 28/61 MP: 0/0
  5772 | D:6      | Noticed Eustachio
  5783 | D:6      | Killed Eustachio
  6222 | D:4      | Reached skill level 7 in Fighting
  6364 | D:5      | Reached XP level 9. HP: 62/68 MP: 0/0
  6364 | D:5      | Learned a level 3 spell: Spider Form
  6428 | D:5      | Noticed Edmund
  6436 | D:5      | Killed Edmund
  6513 | D:5      | Reached skill level 1 in Spellcasting
  6662 | D:5      | Reached skill level 8 in Fighting
  6670 | D:5      | Reached *** piety under the Shining One
  7216 | D:2      | Bought a potion of ambrosia for 80 gold pieces
  7216 | D:2      | Bought a potion of curing for 30 gold pieces
  8154 | D:6      | Found Jutur's Profane Products.
  8586 | D:7      | Reached skill level 5 in Dodging
  8586 | D:7      | Reached XP level 10. HP: 69/77 MP: 0/0
  8714 | D:7      | Reached skill level 9 in Fighting
  9019 | D:7      | Found a burning altar of Makhleb.
  9019 | D:7      | Found a shimmering altar of Xom.
  9566 | D:8      | Reached skill level 1 in Shields
  9920 | D:8      | Reached **** piety under the Shining One
 10633 | D:9      | Found a staircase to the Lair.
 11173 | D:9      | Reached skill level 10 in Fighting
 11173 | D:9      | Reached XP level 11. HP: 57/85 MP: 0/0
 11173 | D:9      | Learned a level 5 spell: Yara's Violent Unravelling
 12775 | D:10     | Entered Level 10 of the Dungeon
 12784 | D:10     | Noticed a two-headed ogre
 12791 | D:10     | Killed a two-headed ogre
 13275 | D:10     | Reached skill level 10 in Long Blades
 13850 | D:10     | Found an opulent altar of Gozag.
 13858 | D:10     | Found a hide-covered altar of Uskayaw.
 14002 | D:11     | Noticed a cyclops
 14021 | D:11     | Killed a cyclops
 14068 | D:11     | Reached skill level 11 in Fighting
 14174 | D:11     | Noticed a purple ugly thing
 14179 | D:11     | Killed a purple ugly thing
 14303 | D:11     | Noticed Snorg
 14313 | D:11     | The Shining One protects you from harm!
 14313 | D:11     | HP: 2/87 [Snorg (16)]
 14340 | D:11     | Killed Snorg
 14715 | D:11     | Noticed a boulder beetle
 14729 | D:11     | Killed a boulder beetle
 14730 | D:11     | Reached XP level 12. HP: 75/94 MP: 0/0
 14896 | D:11     | Noticed a two-headed ogre
 14905 | D:11     | Killed a two-headed ogre
 14992 | D:11     | Noticed Gastronok
 15007 | D:11     | Killed Gastronok
 15008 | D:11     | Reached skill level 5 in Armour
 15293 | D:12     | Reached skill level 5 in Spellcasting
 15335 | D:12     | Reached skill level 12 in Fighting
 15434 | D:12     | Reached ***** piety under the Shining One
 15446 | D:12     | Found a staircase to the Orcish Mines.
 15789 | D:12     | Reached ****** piety under the Shining One
 15889 | D:12     | Noticed a boulder beetle
 15932 | D:12     | Killed a boulder beetle
 15982 | D:12     | Reached XP level 13. HP: 100/102 MP: 0/0
 15982 | D:12     | Learned a level 5 spell: Fireball
 16099 | Orc:1    | Entered Level 1 of the Orcish Mines
 16145 | Orc:1    | Noticed Fannar
 16280 | Lair:1   | Entered Level 1 of the Lair of Beasts
 16340 | Lair:1   | Noticed a five-headed hydra
 16352 | Lair:1   | Killed a one-headed hydra
 16358 | Lair:1   | Reached skill level 1 in Invocations
 16358 | Lair:1   | Reached skill level 1 in Evocations
 16663 | Lair:1   | Reached skill level 13 in Fighting
 17665 | Lair:2   | Noticed Nergalle
 17678 | Lair:2   | Killed Nergalle
 18030 | Lair:2   | Noticed Urug
 18043 | Lair:2   | Killed Urug
 18206 | Lair:3   | Noticed a five-headed hydra
 18206 | Lair:3   | Noticed a catoblepas
 18218 | Lair:2   | Killed a one-headed hydra
 18491 | Lair:3   | Identified the +10 short sword of Veoptirch {drain, Contam
                  | rF+ rCorr SInv}
 18510 | Lair:3   | Killed a catoblepas
 18511 | Lair:3   | Reached XP level 14. HP: 70/110 MP: 0/0
 18959 | Lair:3   | Found a staircase to the Shoals.
 19033 | Lair:3   | Acquired a manual of Spellcasting
 19387 | Lair:4   | Found a hole to the Spider Nest.
 20158 | Lair:5   | Found a gate leading to a gauntlet.
 20172 | Gauntlet | Entered a Gauntlet
 20172 | Gauntlet | Found a transporter.
 20172 | Gauntlet | Found a transporter.
 20172 | Gauntlet | Found a transporter.
 20188 | Gauntlet | Found a transporter.
 20196 | Gauntlet | Found a transporter.
 20203 | Gauntlet | Found a transporter.
 20210 | Gauntlet | Found a transporter.
 20247 | Gauntlet | Found a transporter.
 20272 | Gauntlet | Found a transporter.
 20326 | Gauntlet | Found a transporter.
 20330 | Gauntlet | Found a transporter.
 20343 | Gauntlet | Found a transporter.
 20416 | Gauntlet | Identified the ring of the Lich-sworn {Fly Str+4 Dex-5}
 20475 | Gauntlet | Noticed a minotaur
 20477 | Gauntlet | Identified the +8 morningstar of Sudden Death {venom,
                  | +Blink Will+}
 20487 | Gauntlet | Killed a minotaur
 20526 | Gauntlet | Got the Reference Book on Toxic Evil Rituals
 20648 | Lair:5   | Noticed Sonja
 20673 | Lair:5   | Killed Sonja
 20700 | Lair:5   | Reached skill level 14 in Fighting
 21203 | Lair:6   | Entered Level 6 of the Lair of Beasts
 21346 | Lair:6   | Reached XP level 15. HP: 81/117 MP: 0/0
 21346 | Lair:6   | Learned a level 6 spell: Simulacrum
 21490 | Lair:6   | Found a runed translucent door.
 21490 | Lair:6   | Found a viscous altar of Jiyva.
 21496 | Lair:6   | Found a staircase to the Slime Pits.
 21496 | Lair:6   | Noticed an acid blob
 21496 | Lair:6   | Noticed an acid blob
 21598 | Lair:6   | Reached skill level 5 in Evocations
 21773 | Lair:6   | Reached skill level 5 in Invocations
 22293 | Lair:6   | Found a corrupted altar of Lugonu.
 22293 | Lair:6   | Found a one-way gate to the infinite horrors of the Abyss.
 22891 | Orc:1    | Killed from afar by Fannar

Illustrated notes

Levels and vault maps discovered:
D:1:      heliophobic_arrival_henge, layout_rooms,
          shapermc_ecumenical_altar_totnotflames, minmay_tromino_v7
D:2:      layout_basic, serial_shops, shop, shop, shop, st_stairs_10
D:3:      layout_loops_ring, minmay_unequal
D:4:      layout_loops_ring, minmay_temple_entry_slanted, minmay_joined_circles
D:5:      layout_cave_pools, chequers_serial_rivers_small_b,
          minmay_misc_feat_square, uniq_edmund
D:6:      layout_basic, grunt_ministairs_3, nicolae_evil_shop,
          uniq_blork_the_orc, uniq_eustachio
D:7:      layout_loops_ring, grunt_temple_overflow_champion_of_chaos,
          minmay_misc_feat_four_crosses, grunt_ministairs_3
D:8:      layout_basic, minmay_puff
D:9:      layout_small_grid, david_lair_generic, centaur_isle
D:10:     layout_loops_ring, mainiacjoe_overflow_big_doors, grunt_decor_cap
D:11:     layout_irregular_city, uniq_snorg, uniq_gastronok
D:12:     layout_roguey, zombieorc2_lemuel
Temple:   compressed_dpeg_circular_temple
Lair:1:   layout_loops_ring, grunt_megastairs_3
Lair:2:   lemuel_reptile_caves, layout_hall_layers, uniq_nergalle, uniq_urug
Lair:3:   layout_roguey, minmay_shoals_entry_lonely_mermaid, serial_bayou,
          serial_bayou_pond_d, serial_bayou_lagoon_a, serial_bayou_ford_a,
          serial_bayou_lake_a, serial_bayou_pond_a, lemuel_fruit_tree
Lair:4:   layout_regular_city, spider_nest_entry_webs
Lair:5:   layout_loops_ring, gauntlet_entry_generic, grunt_megastairs_2,
          uniq_sonja
Lair:6:   hellmonk_lair_end_abyssal_woods, layout_gridlike, slime_altar_2
Orc:1:    layout_diamond_mine, serial_shops, nicolae_lakefront_shop, uniq_fannar

Skill      XL: |  1  2  3  4  5  6  7  8  9 10 11 12 13 14 15 |
---------------+----------------------------------------------+-----
Long Blades    | 3 4 5 6 7 9 10 11 12 13 | 13.5
Fighting       | 4 5 6 7 8 10 11 12 13 14 | 14.5
Armour         | 1 2 4 5 |  5.0
Dodging        | 5 6 7 8 |  8.4
Spellcasting   | 2 3 4 5 6 8 9 |  9.8
Shields        | 2 4 |  4.0
Invocations    | 3 4 5 |  5.3
Evocations     | 3 4 5 |  5.5
Stealth        | |  1.5

Action                   |  1- 3 |  4- 6 |  7- 9 | 10-12 | 13-15 || total
-------------------------+-------+-------+-------+-------+-------++-------
Melee: Falchion          |    50 |   129 |       |       |    41 ||   220
       Headbutt          |       |    15 |     8 |    33 |    65 ||   121
       Double sword      |       |    22 |   112 |   266 |   506 ||   906
       Scimitar          |       |       |       |     1 |    12 ||    13
Throw: Stone             |     4 |    14 |     2 |       |       ||    20
       Dart              |       |     6 |    18 |    30 |       ||    54
       Boomerang         |       |       |       |    17 |    23 ||    40
 Cast: Beastly Appendage |       |    32 |    16 |    33 |    47 ||   128
       Fireball          |       |       |       |       |     6 ||     6
Invok: Divine Shield     |       |       |       |     4 |     6 ||    10
       Summon Divine War |       |       |       |       |     1 ||     1
Evoke: Wand              |       |       |       |     4 |     2 ||     6
       Box of beasts     |       |       |       |     1 |       ||     1
  Use: Scroll            |       |     6 |     5 |    10 |     9 ||    30
       Potion            |       |     1 |       |     5 |     3 ||     9
 Stab: Sleeping          |     1 |     7 |       |       |       ||     8
Armor: Robe              |    11 |    19 |       |       |       ||    30
       Leather armour    |       |     1 |    18 |    35 |       ||    54
       Skin              |       |     1 |       |       |       ||     1
       Acid dragon scale |       |       |       |     2 |       ||     2
       Troll leather arm |       |       |       |    25 |   107 ||   132
Dodge: Dodged            |    46 |   100 |    57 |   162 |   252 ||   617
Block: Buckler           |       |       |       |    41 |   223 ||   264
       Reflection        |       |       |       |       |     4 ||     4
       Rpst.: Falchion   |    16 |    25 |       |       |     2 ||    43
       Double sword      |       |     6 |    16 |    35 |    67 ||   124
